 Dungeon Crawl Stone Soup version 0.29.1-1-gd02db6906a (webtiles) character file.

Game seed: 18116788404943118756

7 cdecastro the Scratcher (level 1, -1/9 HPs)
             Began as a Felid Transmuter on Oct 23, 2022.
             Slain by a kobold
             ... wielding a +0 dagger
              (4 damage)
             ... on level 1 of the Dungeon.
             The game lasted 00:02:27 (597 turns).

cdecastro the Scratcher (Felid Transmuter)           Turns: 597, Time: 00:02:28

Health: -1/9       AC:  1    Str:  6    XL:     1   Next: 91%
Magic:  4/4        EV: 17    Int: 14    God:
Gold:   9          SH:  0    Dex: 16    Spells: 3/4 levels left
                                        Lives:  0   Deaths: 0

rFire   . . .      SeeInvis +     - Unarmed
rCold   . . .      Faith    .   (shield unavailable)
rNeg    . . .      Spirit   .   (body armour unavailable)
rPois   .          Reflect  .   (helmet unavailable)
rElec   .          Harm     .   (cloak unavailable)
rCorr   .          Rampage  .   (gloves unavailable)
Will    .....                   (boots unavailable)
Stlth   ++........              (no amulet)
HPRegen 0.03/turn               (no ring)
MPRegen 0.09/turn               (no ring)

@: quick
A: very small, claws 1, fangs 3, see invisible, speed 1, shaggy fur 1, stealthy
paws, no weapons or thrown items, no armour, multi-lived
a: no special abilities


You were on level 1 of the Dungeon.
You visited 1 branch of the dungeon, and saw 1 of its levels.

You collected 9 gold pieces.

Inventory:

Scrolls
 c - a scroll of butterflies {unknown}
Potions
 a - a potion of lignification
 b - a potion of curing {unknown}
 d - a potion of attraction {unknown}


   Skills:
 - Level 1.0 Fighting
 - Level 2.9 Dodging
 + Level 0.4 Stealth
 * Level 3.3 Unarmed Combat
 - Level 2.0 Spellcasting
 - Level 2.1 Transmutations


You had 3 spell levels left.
You knew the following spells:

 Your Spells              Type           Power      Damage    Failure   Level
a - Beastly Appendage     Tmut           14%        N/A       10%         1

Your spell library contained the following spells:

 Spells                   Type           Power      Damage    Failure   Level
 Wereblood                Tmut           7%         N/A       14%         2
 Spider Form              Tmut/Pois      4%         N/A       41%         3
 Ice Form                 Ice/Tmut       4%         N/A       83%         4


Dungeon Overview and Level Annotations

Branches:
Dungeon (1/15)

Altars:

Shops:
D:1 :


Innate Abilities, Weirdness & Mutations

You have sharp claws.
You have razor-sharp teeth.
You have supernaturally acute eyesight. (SInv)
You cover ground quickly. (Speed+)
You are covered in fur. (AC +1)
Your paws help you pounce on unaware monsters.
You are incapable of wielding weapons or throwing items.
You cannot wear armour.
You gain extra lives every three experience levels.


Message History

* * * LOW HITPOINT WARNING * * *
You scratch the endoplasm but do no damage.
The endoplasm is severely wounded.
The endoplasm completely misses you.
You barely miss the endoplasm.
You bite the endoplasm, but do no damage.
The endoplasm is severely wounded.
The endoplasm completely misses you.
You scratch the endoplasm.
You kill the endoplasm!
Found a scale mail.
Found a flail.
Found a spear.
d - a silvery potion A frilled lizard comes into view.
The frilled lizard unfolds its giant frill.
You see here a +0 flail.
A frilled lizard is nearby!
A frilled lizard is nearby!
A frilled lizard is nearby!
You see here a +0 spear.
You scratch the frilled lizard.
You kill the frilled lizard!
Found 5 stones.
Found 5 poisoned darts.
A rat comes into view.
A rat is nearby!
A rat is nearby!
A bat and a kobold come into view.
The kobold shouts!
The bat hits you but does no damage. The bat hits you.
Unknown command.
The bat barely misses you.
The rat twitches its whiskers.
The kobold hits you with a +0 dagger.
You closely miss the kobold. The kobold hits you with a +0 dagger.
* * * LOW HITPOINT WARNING * * *
You barely miss the kobold. The kobold hits you with a +0 dagger.
You die...

... ... # #.##+#
#.##.#..###.
#...........
####r####### ####### #b#
......##### #K#
.#........# #@#
.#..#.#.#.# #.# ###
.#..#.#.#.# #.###.##
.#......#.######.##...##
.#.....................#
......#.#.#####...#...##
##......#.# #.....#.###
#........# ##........#
#.#.##.###
##.#.....########


You could see a bat, a kobold and a rat.

Vanquished Creatures
  An endoplasm (D:1)
  A giant cockroach (D:1)
  2 goblins (D:1)
  A ball python (D:1)
  A frilled lizard (D:1)
  A kobold (D:1)
7 creatures vanquished.

Notes
Turn   | Place    | Note
-------+----------+-------------------------------------------
     0 | D:1      | cdecastro the Felid Transmuter began the quest for the Orb.
     0 | D:1      | Reached XP level 1. HP: 9/9 MP: 4/4
    40 | D:1      | Found Egojaqu's Book Emporium.
   597 | D:1      | Slain by a kobold

Illustrated notes

Levels and vault maps discovered:
D:1:      dpeg_arrival_three_same_balls, layout_loops_corners, serial_shops,
          shop, shop, nicolae_shop_behind_doors,
          nicolae_shop_bloodbath_and_beyond, nicolae_shop_advertising_works
          [nicolae_subvault_shop_adworks],
          shapermc_ecumenical_altar_mp_ritualfount

Action                   || total
-------------------------++-------
Melee: Unarmed           ||    18
       Bite              ||     2
 Stab: Sleeping          ||     1
Armor: Skin              ||     1
Dodge: Dodged            ||    12
